 Dungeon Crawl Stone Soup version 0.19.0-19-g8c6edcc (webtiles) character file.

9550 nikopol the Cleaver (level 11, 0/103 HPs)
             Began as a Gargoyle Berserker on Nov 14, 2016.
             Was a High Priest of Trog.
             Slain by a seven-headed hydra (9 damage)
             ... on level 2 of the Lair of Beasts.
             The game lasted 00:39:46 (13651 turns).

nikopol the Cleaver (Gargoyle Berserker)           Turns: 13651, Time: 00:39:47

Health: 0/103      AC: 20    Str: 26    XL:     11   Next: 48%
Magic:  0/11       EV: 15    Int:  9    God:    Trog [*****.]
Gold:   605        SH:  0    Dex: 11    Spells: 0 memorised, 10 levels left

rFire  + . .     SeeInvis .     a - +6 broad axe (holy)
rCold  . . .     Gourm    .     u - +0 ring mail
rNeg   + . .     Faith    .     (no shield)
rPois  ∞         Spirit   +     S - +2 helmet
rElec  +         Reflect  .     U - +2 cloak {+Inv}
rCorr  .         Harm     .     (no gloves)
MR     .....                    (no boots)
Stlth  ..........               r - amulet of guardian spirit
                                O - +1 ring of evasion
                                W - ring of protection from fire

@: berserking (expiring), very quick
A: claws 1, negative energy resistance 1, electricity resistance, unbreathing,
petrification resistance, rot immunity, AC +7
a: Berserk, Trog's Hand, Brothers in Arms, Burn Spellbooks, Renounce Religion,
Evoke Invisibility


You were on level 2 of the Lair of Beasts.
You worshipped Trog.
Trog was extremely pleased with you.
You were very hungry.

You visited 2 branches of the dungeon, and saw 11 of its levels.
You also visited: Ossuary.

You collected 605 gold pieces.

Inventory:

Hand Weapons
 a - a +6 broad axe of holy wrath (weapon)
 z - a +3 shortbow of freezing
Missiles
 h - 145 arrows (quivered)
Armour
 l - a +0 cloak of magic resistance
 u - a +0 ring mail (worn)
 S - a +2 helmet (worn)
 U - a +2 cloak of invisibility (worn)
Jewellery
 b - a cursed ring of loudness {unknown}
 r - an amulet of guardian spirit (around neck)
 t - an uncursed ring of see invisible
 O - a +1 ring of evasion (right claw)
 W - a ring of protection from fire (left claw)
Wands
 i - a wand of heal wounds (3/9)
 B - a wand of teleportation (8/9)
 J - a wand of paralysis (14/24)
 R - a wand of polymorph (12/24)
Scrolls
 g - a scroll of identify
 j - a scroll of recharging
 k - 3 scrolls of enchant weapon
 p - 3 scrolls of remove curse
 v - 3 scrolls of teleportation
 y - 2 scrolls of enchant armour
 G - 2 scrolls of magic mapping
Potions
 d - 7 potions of curing
 f - 5 potions of heal wounds
 s - 3 potions of resistance
 w - a potion of agility
 x - 4 potions of cure mutation
 A - a potion of haste
 F - 2 potions of brilliance
 I - a potion of flight
 N - a potion of magic {unknown}
 T - a potion of invisibility {unknown}
Books
 e - a book of Battle

   Spells                             Type                      Level
   a - Infusion                       Charms                       1
   b - Shroud of Golubria             Charms/Translocation         2
   c - Song of Slaying                Charms                       2
   d - Spectral Weapon                Hexes/Charms                 3
   e - Regeneration                   Charms/Necromancy            3
   Trog disapproves of the use of such an item.
Comestibles
 c - 7 bread rations
 o - 4 meat rations
 C - 9 beef jerkies
 D - 4 fruits
 L - 9 royal jellies


   Skills:
 + Level 8.6 Fighting
 * Level 8.9 Axes
 * Level 8.7 Bows
 + Level 8.1 Armour
 + Level 6.2 Dodging


You had 10 spell levels left.
You didn't know any spells.

Dungeon Overview and Level Annotations

Branches:
Dungeon (9/15)             Temple (0/1) D:4            Lair (2/6) D:8
 Spider (0/4) Lair:2
  Swamp: Lair:2-4    Shoals: Lair:2-4       Orc: D:9-12

Altars:
Ashenzari
Cheibriados
Elyvilon
Fedhas
Gozag
Kikubaaqudgha
Nemelex Xobeh
Okawaru
Qazlal
Ru
Xom

Shops:
D:6 %   D:8 (


Innate Abilities, Weirdness & Mutations

You are resistant to torment.
Your stone body is resilient. (AC +7)
You are immune to poison.
You resist negative energy. (rN+)
You are resistant to electric shocks. (rElec)
You can survive without breathing.
You are immune to petrification.
You are immune to rotting.
You have sharp fingernails.


Message History

The seven-headed hydra misses you.
The seven-headed hydra bites you but does no damage.
The seven-headed hydra bites you.
* * * LOW HITPOINT WARNING * * *
The seven-headed hydra bites you but does no damage.
You barely miss the seven-headed hydra.
The seven-headed hydra is heavily wounded.
The seven-headed hydra bites you but does no damage.
The seven-headed hydra closely misses you.
The seven-headed hydra bites you.
* * * LOW HITPOINT WARNING * * *
The seven-headed hydra bites you but does no damage.
The seven-headed hydra closely misses you.
The seven-headed hydra bites you but does no damage.
The seven-headed hydra bites you.
* * * LOW HITPOINT WARNING * * *
You barely miss the seven-headed hydra.
The seven-headed hydra is heavily wounded.
The seven-headed hydra bites you!
You die...

*,,,,*.#***..*,*##<.#####P,,,,,*
*,,,,,...###.***#..........,,,,*
,,,,,,.......#####..#####..*,,,*
,,,*,,,**#...........# *,*,,,,*
*****########.########***,**,,>*
,****.....(P....##***,**,,,,,,,**
,,**,[..##....(..##,,,,,,,,**,,,*
,,,*,,,,#...P##÷..#,,*,,,,,***,**
,,**,,**#.######@##,,*,,,,***,,*
,,,,,,*...,,,,*#D##,,,,,,,,,,*,**
,,****#.#,,,,,*#Hl#,,,*,,**,,*,,,
,,*,,...,*,***#.........D***,*,**
,****..,,***.....##....H.,**,,,,*
,,*****,,,,#.....#*......,,,,,,,*
***,******,#######*,..P..,,,,,,**
*,,,,,,,,,,,,,,,,*,*#.#..,,,,**,*
,*,,*,**,,,,,*,,,,*,,.#,#,,,,,***


You could see a seven-headed hydra, a hippogriff and an iguana.

Vanquished Creatures
  A hill giant (D:8)
  An oklob plant (Lair:1)
  Maurice (D:9)
  A black mamba (Lair:1)
  3 komodo dragons
  A troll (D:9)
  A hornet (D:8)
  3 blink frogs (Lair:1)
  7 yaks
  A basilisk (Lair:2)
  A steam dragon (D:8)
  A soldier ant (D:8)
  A water moccasin (D:8)
  3 porcupines
  An orc warrior (D:7)
  4 sky beasts
  3 ice beasts
  2 black bears (D:6)
  2 ogres
  2 crocodiles (Lair:1)
  6 centaurs
  Blork the orc (D:6)
  3 bullfrogs
  2 wyvern zombies (Ossuary)
  6 killer bees
  3 wights (D:7)
  2 howler monkeys
  3 crimson imps
  3 bullfrog zombies
  A centaur skeleton (D:5)
  2 centaur zombies
  2 jellies
  7 orc priests
  5 hounds
  2 bullfrog skeletons (D:5)
  8 orc wizards
  Terence (D:2)
  Jessica (D:2)
  9 iguanas
  7 worker ants
  3 hound zombies
  15 mummies
  A worker ant zombie (Ossuary)
  Robin (D:2)
  10 gnolls
  8 adders
  A river rat (D:8)
  A shadow imp (D:8)
  3 oozes
  4 adder zombies
  4 worms
  2 dart slugs
  34 orcs
  10 giant cockroaches
  11 hobgoblins
  2 jackals (D:4)
  13 kobolds
  5 quokkas
  A ball python zombie (Ossuary)
  5 bats
  3 frilled lizards
  12 goblins
  2 jackal zombies (Ossuary)
  2 leopard gecko skeletons
  A leopard gecko zombie (Ossuary)
  2 quokka zombies (Ossuary)
  6 rats
  2 rat zombies (D:2)
  34 fungi
  22 plants (D:8)
  4 withered plants (Ossuary)
338 creatures vanquished.

Vanquished Creatures (others)
  A fungus (D:8)
  2 withered plants (Ossuary)
3 creatures vanquished.

Grand Total: 341 creatures vanquished

Notes
Turn   | Place    | Note
-------+----------+-------------------------------------------
     0 | D:1      | nikopol the Gargoyle Berserker began the quest for the Orb.
     0 | D:1      | Reached XP level 1. HP: 14/14 MP: 1/1
   181 | D:1      | Reached XP level 2. HP: 19/19 MP: 2/2
   806 | D:2      | Noticed Terence
   820 | D:2      | Killed Terence
   820 | D:2      | Reached XP level 3. HP: 23/24 MP: 3/3
  1075 | D:2      | Reached ** piety under Trog
  1075 | D:2      | Reached XP level 4. HP: 24/29 MP: 4/4
  1136 | D:2      | Noticed Jessica
  1141 | D:2      | Killed Jessica
  1145 | D:2      | Noticed Robin
  1152 | D:2      | Killed Robin
  1357 | D:2      | Reached XP level 5. HP: 26/34 MP: 5/5
  1746 | D:2      | Found an ancient bone altar of Kikubaaqudgha.
  2227 | D:3      | Found a white marble altar of Elyvilon.
  2593 | D:3      | Reached XP level 6. HP: 39/39 MP: 6/6
  3119 | D:3      | Found a shattered altar of Ashenzari.
  3221 | D:3      | Reached *** piety under Trog
  3264 | D:4      | Found a staircase to the Ecumenical Temple.
  3295 | D:4      | Reached skill level 5 in Fighting
  3303 | D:4      | Found a sparkling altar of Nemelex Xobeh.
  3398 | D:4      | Reached skill level 1 in Bows
  3398 | D:4      | Reached XP level 7. HP: 24/44 MP: 7/7
  3628 | D:4      | Found an iron altar of Okawaru.
  3865 | D:5      | Entered Level 5 of the Dungeon
  4425 | D:5      | Found a blossoming altar of Fedhas.
  4486 | D:5      | Found a sacrificial altar of Ru.
  4509 | D:5      | Reached XP level 8. HP: 41/50 MP: 5/8
  4599 | D:5      | Reached skill level 5 in Axes
  5284 | D:6      | Reached skill level 5 in Armour
  5312 | D:6      | Reached **** piety under Trog
  5456 | D:6      | Noticed Blork the orc
  5460 | D:6      | Killed Blork the orc
  5583 | D:6      | Found a shimmering altar of Xom.
  5754 | D:6      | Found a sand-covered staircase.
  5760 | Ossuary  | Entered an ossuary
  5885 | Ossuary  | Reached XP level 9. HP: 39/55 MP: 7/9
  6186 | Ossuary  | Reached ***** piety under Trog
  6325 | Ossuary  | Reached skill level 5 in Bows
  6829 | D:6      | Found Alit's Food Shop.
  7540 | D:7      | Found an opulent altar of Gozag.
  7977 | D:7      | Reached skill level 5 in Dodging
  8055 | D:7      | Found a stormy altar of Qazlal.
  8262 | D:7      | Received a gift from Trog
  8300 | D:8      | Reached XP level 10. HP: 28/63 MP: 5/10
  8750 | D:8      | Found a staircase to the Lair.
  8948 | D:8      | Received a gift from Trog
  9408 | D:8      | Found a blossoming altar of Fedhas.
  9429 | D:8      | Found Pofaurhe's Weapon Emporium.
  9958 | D:8      | Noticed a hill giant
  9970 | D:8      | Killed a hill giant
 10020 | D:8      | Received a gift from Trog
 10786 | D:9      | Found a snail-covered altar of Cheibriados.
 10975 | D:9      | Noticed Maurice
 11009 | D:9      | Killed Maurice
 11136 | D:9      | Reached XP level 11. HP: 58/68 MP: 9/11
 11148 | D:9      | Received a gift from Trog
 11417 | Lair:1   | Entered Level 1 of the Lair of Beasts
 11417 | Lair:1   | Noticed an oklob plant
 11638 | D:8      | Gained mutation: You have sharp fingernails. [potion of beneficial mutation]
 13186 | Lair:1   | Killed an oklob plant
 13592 | Lair:2   | Identified a scroll of acquirement
 13630 | Lair:2   | Noticed a four-headed hydra
 13651 | Lair:2   | Slain by a seven-headed hydra

Skill      XL: |  1  2  3  4  5  6  7  8  9 10 11 |
---------------+----------------------------------+-----
Axes           | 3 4 5 7 8 |  8.9
Dodging        | 2 3 4 5 6 |  6.2
Fighting       | 4 5 6 7 8 |  8.6
Armour         | 3 4 5 6 7 8 |  8.1
Bows           | 1 3 4 6 7 8 |  8.7

Action                   |  1- 3 |  4- 6 |  7- 9 | 10-12 || total
-------------------------+-------+-------+-------+-------++-------
Melee: Hand axe          |    72 |   246 |   115 |       ||   433
       War axe           |       |       |   354 |   429 ||   783
       Broad axe         |       |       |       |    60 ||    60
 Fire: Shortbow          |       |    10 |   150 |   215 ||   375
Invok: Berserk           |     2 |     3 |     4 |     6 ||    15
       Trog's Hand       |       |       |       |     1 ||     1
  Use: Scroll            |       |       |    16 |    10 ||    26
       Potion            |       |       |       |     1 ||     1
  Eat: Chunk             |     2 |    10 |    17 |    19 ||    48
       Pizza             |       |       |     2 |       ||     2
       Bread ration      |       |       |       |     1 ||     1
Armor: Leather armour    |    31 |    37 |       |       ||    68
       Ring mail         |       |    63 |   200 |   109 ||   372
Dodge: Dodged            |    41 |   169 |   264 |   179 ||   653
